 Dungeon Crawl Stone Soup version 0.29.1-2-gbd0b4ee654 (webtiles) character file.

Game seed: 14540563431884595566

1053 MisterFreud the Twirler (level 8, -3/62 HPs)
             Began as a Formicid Gladiator on Oct 23, 2022.
             Shot with an arrow by a centaur (9 damage)
             ... on level 5 of the Dungeon.
             The game lasted 00:04:40 (5408 turns).

MisterFreud the Twirler (Formicid Gladiator)        Turns: 5408, Time: 00:04:41

Health: -3/62      AC:  9    Str: 29    XL:     8   Next: 51%
Magic:  8/8        EV: 12    Int:  7    God:
Gold:   245        SH:  0    Dex: 15    Spells: 7/7 levels left

rFire   . . .      SeeInvis +   e - +2 lajatang (pain)
rCold   + + .      Faith    .   (no shield)
rNeg    + . .      Spirit   .   b - +0 leather armour
rPois   .          Reflect  .   (helmet unavailable)
rElec   +          Harm     .   m - +2 cloak of Paranoia {rC++}
rCorr   .          Rampage  .   g - +2 pair of gloves
Will    .....                   (no boots)
Stlth   +.........              (no amulet)
HPRegen 0.20/turn               q - ring of Zixt {*Slow rElec rN+ Str+7}
MPRegen 0.11/turn               (no ring)

@: no status effects
A: permanent stasis, dig shafts and tunnels, antennae 3, four strong arms
a: Dig, Shaft Self


You were on level 5 of the Dungeon.
You visited 1 branch of the dungeon, and saw 5 of its levels.

You collected 245 gold pieces.

Inventory:

Hand Weapons
 a - a +0 quarterstaff
 e - a +2 lajatang of pain (weapon)
Missiles
 c - 3 throwing nets (quivered)
 d - a javelin
 h - 23 poisoned darts
 o - 6 boomerangs
Armour
 b - a +0 leather armour (worn)
 g - a +2 pair of gloves (worn)
 m - the +2 cloak of Paranoia (worn) {rC++}
   (You acquired it on level 3 of the Dungeon)

   rC:        It greatly protects you from cold.
Jewellery
 q - the ring of Zixt (left hand) {*Slow rElec rN+ Str+7}
   (You acquired it on level 4 of the Dungeon)

   [ring of positive energy]

   Str:       It affects your strength (+7).
   rElec:     It insulates you from electricity.
   rN:        It protects you from negative energy.
   *Slow:     It may slow you when you take damage.
Scrolls
 k - a scroll of butterflies
 n - 2 scrolls of amnesia
 s - 3 scrolls of poison {unknown}
Potions
 f - a potion of might
 i - 4 potions of curing
 j - a potion of attraction {unknown}
 l - 2 potions of lignification {unknown}
 p - a potion of brilliance {unknown}
 r - a potion of magic {unknown}


   Skills:
 - Level 5.0 Fighting
 * Level 7.9 Staves
 - Level 2.0 Throwing
 + Level 4.3 Armour
 - Level 2.6 Dodging


You had 7 spell levels left.
You didn't know any spells.
Your spell library was empty.

Dungeon Overview and Level Annotations

Branches:
Dungeon (5/15)
 Temple: D:4-7

Altars:

Shops:
D:4 =

Annotations:
D:1 1 runed translucent door


Innate Abilities, Weirdness & Mutations

You cannot be hasted, slowed, berserked, paralysed or teleported.
You can dig through walls and to a lower floor.
You have a pair of large antennae on your head. (SInv)
Your four strong arms can wield two-handed weapons with a shield.


Message History

The centaur shoots an arrow.
The arrow misses you.
The centaur shoots an arrow.
The arrow hits you!
The centaur shoots an arrow.
The arrow barely misses you.
The centaur shoots an arrow.
The arrow hits you.
The centaur shoots an arrow.
The arrow hits you but does no damage.
The centaur shoots an arrow.
The arrow barely misses you.
The centaur shoots an arrow.
The arrow hits you.
The centaur shoots an arrow.
The arrow hits you!
The centaur shoots an arrow.
The arrow hits you.
The centaur shoots an arrow.
The arrow barely misses you.
Found 3 scrolls labelled VONOSU GUDOPP.
s - 3 scrolls labelled VONOSU GUDOPP The centaur shoots an arrow.
The arrow hits you.
The centaur shoots an arrow.
The arrow closely misses you.
The centaur shoots an arrow.
The arrow closely misses you.
The centaur shoots an arrow.
The arrow hits you but does no damage.
The centaur shoots an arrow.
The arrow closely misses you.
You slash the bush!
The bush is lightly damaged.
The centaur shoots an arrow.
The arrow closely misses you.
You slash the bush!
The bush is moderately damaged.
The centaur shoots an arrow.
The arrow hits you.
The centaur shoots an arrow.
The arrow hits you!
You slash the bush!
The bush is heavily damaged.
The centaur shoots an arrow.
The arrow barely misses you.
You hit the bush but do no damage.
The bush is heavily damaged.
The centaur shoots an arrow.
The arrow hits you!
* * * LOW HITPOINT WARNING * * *
The centaur shoots an arrow.
The arrow hits you.
* * * LOW HITPOINT WARNING * * *
You slice the bush!!
The bush is severely damaged.
The centaur shoots an arrow.
The arrow hits you!
* * * LOW HITPOINT WARNING * * *
Are you sure you want to shaft yourself?
The centaur shoots an arrow.
The arrow hits you!
You die...

#+#######................
##......##...........)....
#....................)....
##......##....##.....###'#
#........#######.....##...
#........# ##.......#....
#####.#### #........#....
#.##### #........#....
#.#..@####≈≈.....##...
#.....P..c.≈....###...
###...####≈≈...###....
##### ......# #....
......# #.... ....## ##...
####


You could see a centaur.

Vanquished Creatures
  Pikel (D:5)
  Menkaure (D:4)
  2 ogres (D:5)
  A lemure (D:5)
  An orc wizard (D:5)
  Natasha (thrice) (D:2)
  2 iguanas (D:5)
  3 gnolls (D:5)
  5 adders
  A worm (D:2)
  A dart slug (D:3)
  6 orcs (D:5)
  6 ball pythons
  9 endoplasms
  4 giant cockroaches
  6 hobgoblins
  6 kobolds
  4 quokkas
  5 bats
  2 frilled lizards
  4 goblins
  7 rats
80 creatures vanquished.

Notes
Turn   | Place    | Note
-------+----------+-------------------------------------------
     0 | D:1      | MisterFreud the Formicid Gladiator began the quest for the
                  | Orb.
     0 | D:1      | Reached XP level 1. HP: 16/16 MP: 1/1
     1 | D:1      | Found a runed translucent door.
   350 | D:1      | Reached XP level 2. HP: 22/22 MP: 2/2
   625 | D:1      | Reached skill level 4 in Staves
   625 | D:1      | Reached XP level 3. HP: 27/27 MP: 3/3
  1465 | D:2      | Noticed Natasha
  1476 | D:2      | Killed Natasha
  1477 | D:2      | Reached XP level 4. HP: 29/33 MP: 4/4
  1535 | D:2      | Noticed Natasha
  1549 | D:2      | Killed Natasha
  1550 | D:2      | Reached skill level 5 in Staves
  2035 | D:2      | Noticed Natasha
  2040 | D:2      | Killed Natasha
  2041 | D:2      | Reached XP level 5. HP: 38/38 MP: 5/5
  2392 | D:3      | Identified a scroll of acquirement
  2392 | D:3      | Acquired the +2 cloak of Paranoia {rC++}
  3032 | D:3      | Found a faded altar of an unknown god.
  3336 | D:4      | Noticed Menkaure
  3343 | D:4      | Killed Menkaure
  3344 | D:4      | Reached skill level 6 in Staves
  3344 | D:4      | Reached XP level 6. HP: 7/47 MP: 6/6
  3608 | D:4      | Acquired a +2 lajatang of pain
  3771 | D:4      | Found Xiagg's Jewellery Shop.
  4158 | D:4      | Acquired the ring of Zixt {*Slow rElec rN+ Str+7}
  4524 | D:5      | Entered Level 5 of the Dungeon
  4625 | D:5      | Reached XP level 7. HP: 47/52 MP: 7/7
  4651 | D:5      | Noticed Pikel
  4659 | D:5      | Killed Pikel
  4660 | D:5      | Reached skill level 7 in Staves
  4660 | D:5      | Reached XP level 8. HP: 52/61 MP: 8/8
  5174 | D:5      | Reached skill level 5 in Fighting
  5408 | D:5      | Shot with an arrow by a centaur

Illustrated notes

Levels and vault maps discovered:
D:1:      dpeg_arrival_caged_fury, layout_loops_corners
D:2:      layout_basic, minmay_tromino_v4_c, uniq_natasha
D:3:      minmay_recursive_quarters, layout_basic, basic_ecumenical_altar,
          chequers_arboretum, minmay_misc_feat_doors, minmay_misc_feat_tower
D:4:      layout_layer_cave, serial_shops, nicolae_shop_stone, uniq_menkaure
D:5:      layout_gridville, serial_rivers, chequers_serial_rivers_room_a,
          chequers_serial_rivers_small_b, chequers_serial_rivers_micro_d,
          chequers_serial_rivers_room_a, kb_lookout_dungeons_type,
          hangedman_decor_opposing, chequers_serial_rivers_small_b, hex_medium,
          uniq_pikel

Skill      XL: |  1  2  3  4  5  6  7  8 |
---------------+-------------------------+-----
Staves         | 4 5 6 7 |  7.9
Fighting       | 3 4 5 |  5.0
Armour         | 2 3 4 |  4.3
Throwing       | |  2.0
Dodging        | |  2.6

Action                   |  1- 3 |  4- 6 |  7- 9 || total
-------------------------+-------+-------+-------++-------
Melee: Quarterstaff      |    66 |   103 |       ||   169
       Punch             |       |     1 |     1 ||     2
       Lajatang          |       |    27 |    31 ||    58
 Abil: Shaft Self        |       |       |     1 ||     1
  Use: Scroll            |     3 |     9 |       ||    12
       Potion            |       |     1 |       ||     1
 Stab: Distracted        |     1 |       |       ||     1
       Sleeping          |     1 |       |       ||     1
Armor: Leather armour    |    21 |    43 |     5 ||    69
Dodge: Dodged            |    48 |    79 |    20 ||   147
